 Dungeon Crawl Stone Soup version 0.32-a0-799-g95e1662365 (webtiles) character file.

Game seed: 5557006333512541719

7453 BigDaddyOpFi the Coglin Catastrophe (level 11, -1/85 HPs)
             Began as a Coglin Fighter on Mar 20, 2024.
             Was an Elder of Qazlal.
             Slain by a kobold brigand
             ... wielding a +0 club
              (6 damage)
             ... on level 9 of the Dungeon on Mar 21, 2024.
             The game lasted 00:14:27 (8329 turns).

BigDaddyOpFi the Coglin Catastrophe (CoFi)          Turns: 8329, Time: 00:14:28

Health: -1/85      AC: 16    Str: 18    XL:     11   Next: 15%
Magic:  13/16      EV:  9    Int:  8    God:    Qazlal [****..]
Gold:   372        SH:  5    Dex: 16    Spells: 10/10 levels left

rFire   . . .        a - +0 war axe {Hsekiu}
rCold   . . .        t - +8 hand axe "Xof Hyrch" {flame, +Blink rN+}
rNeg    + . .        E - +2 chain mail
rPois   .            p - +0 helmet
rElec   .            g - +0 cloak
rCorr   .            z - +0 pair of gloves
SInv    .            (no boots)
Will    .....        (amulet unavailable) Stlth
                     (ring unavailable)
HPRegen 0.34/turn    (ring unavailable)
MPRegen 0.15/turn    (no gizmo)

%: repel missiles
@: on berserk cooldown, attractive, slowed, revved, very slow
A: off-hand wielding, slow wielding, warmup strikes, no jewellery
a: Invent Gizmo, Renounce Religion, Evoke Blink, Upheaval, Elemental Force


You were on level 9 of the Dungeon.
You worshipped Qazlal.
Qazlal was greatly pleased with you.
You visited 2 branches of the dungeon, and saw 10 of its levels.
You also visited: Sewer.

You collected 372 gold pieces.

Inventory:

Hand Weapons
 a - a +0 war axe (weapon) {Hsekiu}
 f - a +0 war axe {Bonhwa}
 h - the +1 hammer of the Forgotten Allies {freeze, rC+ Int+6 SInv}
   (You found it on level 2 of the Dungeon)

   Int+6:     It affects your intelligence (+6).
   rC+:       It protects you from cold.
   SInv:      It lets you see invisible.
 t - the +8 hand axe "Xof Hyrch" (offhand) {flame, +Blink rN+}
   (You found it on level 6 of the Dungeon)

   rN+:       It protects you from negative energy.
   +Blink:    It lets you blink.
Missiles
 x - 7 javelins (quivered)
Armour
 c - a +0 buckler
 g - a +0 cloak (worn)
 i - a +1 ring mail of cold resistance
 p - a +0 helmet (worn)
 z - a +0 pair of gloves (worn)
 E - a +2 chain mail (worn)
Wands
 d - a wand of paralysis (11)
 r - a wand of flame (19)
 w - a wand of polymorph (11)
 A - a wand of warping (8)
Scrolls
 j - 3 scrolls of teleportation
 l - 2 scrolls of fog
 q - a scroll of vulnerability
 v - 2 scrolls of amnesia
 B - a scroll of fear {unknown}
Potions
 e - 2 potions of brilliance
 k - 2 potions of mutation
 n - a potion of berserk rage
 o - a potion of degeneration {unknown}
 u - a potion of experience {unknown}
 D - 2 potions of haste {unknown}


   Skills:
 + Level 7.7 Fighting
 + Level 7.5 Axes
 + Level 6.9 Armour
 + Level 6.2 Dodging
 - Level 2.2 Shields
 * Level 7.8 Invocations


You had 10 spell levels left.
You didn't know any spells.
Your spell library contained the following spells:

 Spells                   Type           Power      Damage    Failure   Level
 Freeze                   Ice            0%         1d3       98%         1
 Slow                     Hex            0%         N/A       98%         1
 Cigotuvi's Dreadful Rot  Necr/Alch/Air  0%         N/A       99%         2
 Confusing Touch          Hex            0%         N/A       100%        3
 Frozen Ramparts          Ice            0%         1d1       100%        3
 Hailstorm                Conj/Ice       0%         3d5       100%        3
 Ozocubu's Armour         Ice            0%         N/A       100%        3
 Vampiric Draining        Necr           0%         2d6       100%        3
 Dispel Undead            Necr           0%         3d6       100%        4
 Martyr's Knell           Necr/Summ      0%         N/A       100%        4
 Metabolic Englaciation   Hex/Ice        0%         N/A       100%        5


Dungeon Overview and Level Annotations

Branches:
Dungeon (9/15)             Temple (1/1) D:4           Sewer (visited)
   Lair: D:8-11         Orc: D:9-12

Altars:
Ashenzari
Cheibriados
Dithmenos
Elyvilon
Fedhas
Gozag
Hepliaklqana
Kikubaaqudgha
Makhleb
Okawaru
Qazlal
Ru
Sif Muna
Trog
Uskayaw
Vehumet
Wu Jian
Xom
Yredelemnul
Zin
The Shining One

Shops:
D:4 :

Annotations:
D:5 2 transporters, warriortoast's ghost, novice DECj
D:9 2 transporters, Malificent's ghost, novice TeFE


Innate Abilities, Weirdness & Mutations

You can wield a second weapon in your off-hand.
It takes a long time for you to wield or remove held weapons.
Your first few attacks do less damage.
You cannot equip rings or amulets.


Message History

Qazlal accepts your kill.
You completely miss the orc wizard with the +8 hand axe "Xof Hyrch".
You slash the orc wizard with your +0 war axe!
The kobold brigand is attracted toward you.
Unknown command.
You slash the kobold brigand with your +0 war axe!
The kobold brigand is heavily wounded.
You hit the orc wizard with your +0 war axe.
You barely miss the kobold brigand with the +8 hand axe "Xof Hyrch".
You miss the orc wizard with the +8 hand axe "Xof Hyrch".
You are no longer berserk.
You are exhausted.
You feel yourself slow down. The kobold brigand barely misses you.
The orc is attracted toward you.
An orc comes into view. It is wielding a +0 short sword.
Unknown command.
Okay, then.
Blink to where?
Press: ? - help, Dir - move target
As you read the scroll of blinking, it crumbles to dust.
The orc moves out of view.
The orc wizard is attracted toward you.
Okay, then.
Okay, then.
Okay, then.
Okay, then.
Aiming: Upheaval
Press: ? - help, Dir - move target, f - orc wizard
Aim: an orc wizard, wielding a +0 dagger and wearing a +0 robe (translocational energy, almost dead)
A storm cloud blasts the area with cutting wind!
The cutting wind hits the orc wizard!!
You kill the orc wizard!
Qazlal accepts your kill.
The kobold brigand is attracted toward you.
Unknown command.
You hit the kobold brigand but do no damage.
The kobold brigand is heavily wounded.
You slash the kobold brigand with the +8 hand axe "Xof Hyrch"!
You burn the kobold brigand.
The kobold brigand hits you with a +0 club.
You die...

....#.....
##.#.###$)o.# #
#####.###.
#.#.#.##§#
####.....#
#.#.#.#.#.#K#
.....##..#
..#.###.#..#
##.####..#
##..#####..## ...#
#<.# ##.....§.###
##.# #...#
###○#§.....
#........#
#.○.K......
#####...##
#○.@#### ##..#
#............
##......○....#####
####.......#
###...### #...#
#####


You could see a kobold brigand.

Vanquished Creatures
  A two-headed ogre (D:9)
  Maggie (D:6)
  A kobold demonologist (D:9)
  A troll (D:8)
  2 hornets
  Grinder (D:4)
  2 dream sheep (D:8)
  5 yaks (D:9)
  A wyvern (D:9)
  Edmund (D:6)
  2 orc warriors
  4 black bears
  An ice beast (D:6)
  2 sky beasts (D:7)
  An ogre (D:4)
  4 centaurs
  2 phantoms
  5 bullfrogs
  3 kobold brigands
  4 scorpions
  6 wights
  6 killer bees (D:9)
  3 howler monkeys
  2 hounds
  5 orc priests
  3 bombardier beetles
  2 gnoll boudas
  5 jellies
  Crazy Yiuf (D:2)
  4 iguanas
  2 sleepcaps
  12 orc wizards
  Natasha (D:3)
  Ijyb (D:3)
  4 gnolls (D:5)
  A river rat (D:5)
  10 adders
  A white imp (D:6)
  2 ufetubi (D:7)
  8 ribbon worms
  3 dart slugs (D:3)
  35 orcs
  9 ball pythons
  8 endoplasms
  3 giant cockroaches
  7 hobgoblins
  11 jackals
  A quokka (D:5)
  8 bats
  A frilled lizard (D:2)
  6 goblins
  19 kobolds
  12 rats
246 creatures vanquished.

Notes
Turn   | Place    | Note
-------+----------+-------------------------------------------
     0 | D:1      | BigDaddyOpFi the Coglin Fighter began the quest for the
                  | Orb.
     0 | D:1      | Reached XP level 1. HP: 18/18 MP: 1/1
   771 | D:2      | Reached XP level 2. HP: 22/24 MP: 2/2
  1019 | D:2      | Reached XP level 3. HP: 28/29 MP: 3/3
  1031 | D:2      | Found a runed translucent door.
  1032 | D:2      | Noticed Crazy Yiuf
  1133 | D:2      | Killed Crazy Yiuf
  1134 | D:2      | Reached skill level 1 in Dodging
  1139 | D:2      | Identified the +1 hammer of the Forgotten Allies {freeze,
                  | rC+ Int+6 SInv}
  1317 | D:2      | Reached XP level 4. HP: 35/35 MP: 4/4
  1832 | D:3      | Noticed Natasha
  1838 | D:3      | Killed Natasha
  1920 | D:3      | Reached XP level 5. HP: 34/42 MP: 5/5
  2153 | D:3      | Noticed Ijyb
  2156 | D:3      | Paralysed by Ijyb for 4 turns
  2166 | D:3      | Killed Ijyb
  2198 | D:3      | Found a shimmering blue altar of Sif Muna.
  2261 | D:3      | Found a basalt altar of Yredelemnul.
  2265 | D:3      | Found a stormy altar of Qazlal.
  2266 | D:3      | Found a snail-covered altar of Cheibriados.
  2266 | D:3      | Found an opulent altar of Gozag.
  2286 | D:3      | Became a worshipper of Qazlal Stormbringer
  2628 | D:4      | Reached XP level 6. HP: 10/48 MP: 6/6
  2629 | D:4      | Reached skill level 1 in Invocations
  2629 | D:4      | HP: 2/48 [burnt (5)]
  2904 | D:4      | Noticed Grinder
  2913 | D:4      | Found a staircase to the Ecumenical Temple.
  2923 | D:4      | Paralysed by Grinder for 2 turns
  2926 | D:4      | Killed Grinder
  2927 | D:4      | Reached XP level 7. HP: 43/55 MP: 6/8
  2934 | Temple   | Entered the Ecumenical Temple
  3259 | D:4      | Found Giqothrea's Book Boutique.
  3262 | D:4      | HP: 1/55 [burnt (5)]
  3690 | D:4      | Reached * piety under Qazlal
  3880 | D:5      | Entered Level 5 of the Dungeon
  3891 | D:5      | Reached XP level 8. HP: 42/61 MP: 10/10
  3967 | D:5      | Found a transporter.
  3970 | D:5      | Noticed warriortoast's ghost (novice DECj)
  3971 | D:5      | Found a transporter.
  3974 | D:5      | Noticed a two-headed ogre
  3985 | D:5      | Reached skill level 5 in Fighting
  4240 | D:5      | Found a glowing drain.
  4251 | Sewer    | Entered a sewer
  4326 | Sewer    | Reached ** piety under Qazlal
  4447 | Sewer    | Reached skill level 5 in Axes
  4553 | D:5      | Upgraded the game from 0.32-a0-791-gfc315c9ecd to
                  | 0.32-a0-799-g95e1662365
  5240 | D:6      | Identified the +8 hand axe "Xof Hyrch" {flame, +Blink rN+}
  5316 | D:6      | Noticed Edmund
  5322 | D:6      | Killed Edmund
  5323 | D:6      | Reached skill level 5 in Armour
  5323 | D:6      | Reached XP level 9. HP: 58/68 MP: 12/12
  5690 | D:6      | Reached skill level 5 in Invocations
  5909 | D:6      | Noticed Maggie
  5920 | D:6      | Killed Maggie
  6244 | D:7      | Noticed a hornet
  6247 | D:7      | Identified the +0 whip of Growth {drain, ^Drain rF+ Int+5
                  | Dex+3}
  6252 | D:7      | Killed a hornet
  6688 | D:7      | Reached skill level 5 in Dodging
  6688 | D:7      | Reached XP level 10. HP: 77/77 MP: 14/14
  6705 | D:7      | Reached *** piety under Qazlal
  7317 | D:8      | Identified the +1 pair of gloves of Misanthropy {Int+2
                  | Slay+5}
  7770 | D:8      | Found a glowing silver altar of Zin.
  8165 | D:9      | Noticed Malificent's ghost (novice TeFE)
  8175 | D:9      | Found a transporter.
  8185 | D:9      | Noticed a moth of wrath
  8191 | D:9      | Found a transporter.
  8200 | D:9      | Noticed a two-headed ogre
  8209 | D:9      | Killed a two-headed ogre
  8270 | D:9      | Noticed a kobold demonologist
  8295 | D:9      | Reached **** piety under Qazlal
  8296 | D:9      | Killed a kobold demonologist
  8302 | D:9      | HP: 4/118 [orc priest/divine providence (12)]
  8308 | D:9      | Reached XP level 11. HP: 15/84 MP: 14/16
  8315 | D:9      | HP: 9/190 [poisoned by a killer bee]
  8320 | D:9      | HP: 4/127 [poisoned by a killer bee]
  8329 | D:9      | Slain by a kobold brigand

Illustrated notes

Levels and vault maps discovered:
D:1:      lightli_arrival_chessboard, layout_basic
D:2:      minmay_chambers_of_twos, layout_loops_ring, bh_walls_and_bars,
          uniq_crazy_yiuf_cottage
D:3:      layout_basic, nicolae_sif_muna_condensation,
          grunt_temple_overflow_open, uniq_ijyb, uniq_natasha
D:4:      layout_rooms, minmay_temple_entry_tees, serial_shops, shop,
          chequers_serial_rivers_large_b, roderic_roman_lattice, uniq_grinder
D:5:      layout_cave_pools, portal_sewer_entry_e, gammafunk_ghost_arena
D:6:      layout_basic, uniq_maggie, uniq_edmund
D:7:      layout_rooms, grunt_ministairs_15, st_stairs_3
D:8:      layout_loops_ring, mainiacjoe_overflow_tiny_flanked,
          dreamdust_gnoll_shepherd
D:9:      layout_loops_ring, due_lair_maze_entry_diamond, erik_orc_4,
          gammafunk_ghost_berserking_beasts, minmay_circle_x, uniq_maurice
Temple:   minmay_freezing_vapour_temple

Skill      XL: |  1  2  3  4  5  6  7  8  9 10 |
---------------+-------------------------------+-----
Armour         | 3 4 5 6 |  6.9
Dodging        | 1 2 3 4 5 6 |  6.2
Axes           | 3 4 5 6 7 |  7.5
Fighting       | 4 5 6 7 |  7.7
Invocations    | 2 3 4 6 7 |  7.8
Shields        | |  2.2

Action                     |  1- 3 |  4- 6 |  7- 9 | 10-12 || total
---------------------------+-------+-------+-------+-------++-------
  Melee: War axe           |    74 |   149 |   343 |    98 ||   664
         Mace              |     3 |    11 |       |       ||    14
         Hand axe          |       |       |    75 |   103 ||   178
 Invoke: Upheaval          |       |       |       |     1 ||     1
    Use: Scroll            |     4 |     2 |     3 |     4 ||    13
         Potion            |     2 |     1 |     5 |     5 ||    13
 Armour: Ring mail         |    48 |    74 |   164 |    24 ||   310
         Scale mail        |     4 |       |       |       ||     4
         Skin              |       |       |       |    69 ||    69
         Chain mail        |       |       |       |    32 ||    32
  Dodge: Dodged            |    35 |    62 |   138 |    55 ||   290
         Repelled          |       |       |       |     4 ||     4
  Block: Buckler           |    25 |       |       |       ||    25
         Other             |       |       |    18 |    28 ||    46

Table legend: (Time is in decaauts)
 A = Elapsed time spent in this place.
 B = Non-inter-level travel time spent in this place.
 C = Inter-level travel time spent in this place.
 D = Time resting spent in this place.
 E = Time spent auto-exploring this place.
 F = Levels seen in this place.
 G = Mean time per level.
                   A        B        C        D        E       F      G
               +--------+--------+--------+--------+--------+-----+--------+
         Total |   8542 |   8271 |    271 |   1824 |   4466 |  11 |  776.5 |
       Dungeon |   8130 |   7859 |    271 |   1824 |   4244 |   9 |  903.3 |
        Temple |     33 |     33 |      0 |      0 |     32 |   1 |   33.0 |
         Sewer |    378 |    378 |      0 |      0 |    189 |   1 |  378.0 |
               +--------+--------+--------+--------+--------+-----+--------+

Top non-repeatable levels by time:
     D:6: 1619 daAuts
     D:4: 1459 daAuts
     D:8: 1074 daAuts
     D:2: 1035 daAuts
     D:3: 826 daAuts
     D:1: 763 daAuts
     D:5: 659 daAuts
     D:7: 518 daAuts
   Sewer: 378 daAuts
     D:9: 173 daAuts
  Temple: 33 daAuts
